 Dungeon Crawl Stone Soup version 0.31-a0-237-g2d982f9f85 (webtiles) character file.

Game seed: 183740870186008508

92 qw the Shooter (level 4, -2/36 HPs)
             Began as a Minotaur Hexslinger on July 11, 2023.
             Slain by a cerulean imp
             ... wielding a +0 spear
             ... summoned by Natasha
              (5 damage)
             ... on level 2 of the Dungeon.
             The game lasted 00:00:38 (1455 turns).

qw the Shooter (Minotaur Hexslinger)                Turns: 1455, Time: 00:00:38

Health: -2/36      AC:  3    Str: 17    XL:     4   Next: 35%
Magic:  4/4        EV: 12    Int:  9    God:
Gold:   109        SH:  0    Dex: 13    Spells: 4/5 levels left

rFire   . . .        Y - +1 sling
rCold   . . .        (no shield)
rNeg    . . .        c - +0 robe
rPois   .            (helmet unavailable)
rElec   .            (no cloak)
rCorr   .            (no gloves)
SInv    .            a - +0 pair of boots
Will    .....        (no amulet)
Stlth   +            (no ring)
HPRegen 0.26/turn    (no ring)
MPRegen 0.09/turn

%: no passive effects
@: no status effects
A: horns 3, retaliatory headbutt, strong 1, subdued magic 1
a: no special abilities


You were on level 2 of the Dungeon.
You visited 1 branch of the dungeon, and saw 2 of its levels.

You collected 109 gold pieces.


Innate Abilities, Weirdness & Mutations

You have a pair of large horns on your head.
You reflexively headbutt those who attack you in melee.
Your muscles are strong. (Str +4, Int/Dex -1)
Your spells are a little easier to cast, but a little less powerful.


   Skills:
 - Level 2.0 Fighting
 + Level 4.9 Ranged Weapons
 - Level 2.1 Dodging
 - Level 1.0 Spellcasting
 - Level 2.0 Hexes


You had 4 spell levels left.
You knew the following spells:

 Your Spells              Type           Power      Damage    Failure   Level
a - Slow                  Hex            12%        N/A       13%         1

Your spell library contained the following spells:

 Spells                   Type           Power      Damage    Failure   Level
 Inner Flame              Hex/Fire       1%         N/A       54%         3
 Portal Projectile        Hex/Tloc       2%         N/A       54%         3
 Cause Fear               Hex            1%         N/A       82%         4

Inventory:

Hand Weapons
 Y - a +1 sling (weapon)
Armour
 a - a +0 pair of boots (worn)
 c - a +0 robe (worn)
 g - a +0 leather armour
 j - a +0 ring mail
Potions
 b - 2 potions of curing {unknown}
 d - a potion of mutation
 e - a potion of brilliance {unknown}
 f - 2 potions of might {unknown}
 h - a potion of cancellation {unknown}
 i - a potion of heal wounds {unknown}

Dungeon Overview and Level Annotations

Branches:
Dungeon (2/15)

Altars:
The Shining One

Annotations:
D:2 Natasha


Message History

Natasha stares at you and mumbles some strange words.
The magic dart hits you.
You shoot a sling bullet. The sling bullet barely misses Natasha.
Natasha mumbles some strange words.
You shoot a sling bullet.
The sling bullet closely misses Natasha.
Natasha closely misses you. The cerulean imp closely misses you.
Natasha misses you.
You shoot a sling bullet. The sling bullet barely misses Natasha.
The cerulean imp hits you from afar with a +1 spear.
Natasha barely misses you.
You shoot a sling bullet.
The sling bullet hits Natasha but does no damage.
Natasha is moderately wounded.
The cerulean imp hits you from afar with a +1 spear.
Natasha casts a spell.
You shoot a sling bullet. The sling bullet barely misses Natasha.
The cerulean imp hits you from afar with a +1 spear.
Natasha misses you.
The cerulean imp hits you with a +0 spear.
You shoot a sling bullet. The sling bullet barely misses Natasha.
The cerulean imp hits you from afar with a +1 spear.
Natasha closely misses you. You furiously retaliate!
You headbutt Natasha. The cerulean imp completely misses you.
You shoot a sling bullet. The sling bullet barely misses Natasha.
The cerulean imp hits you from afar with a +1 spear.
Natasha closely misses you. The cerulean imp misses you.
You shoot a sling bullet. The sling bullet barely misses Natasha.
The cerulean imp barely misses you. Natasha claws you.
The cerulean imp completely misses you. The cerulean imp closely misses you.
You shoot a sling bullet. The sling bullet hits Natasha.
Natasha is heavily wounded.
Natasha claws you.
The cerulean imp hits you with a +0 spear.
The cerulean imp barely misses you.
Natasha casts a spell.
You shoot a sling bullet. The sling bullet hits Natasha.
Natasha is almost dead.
The cerulean imp hits you with a +0 spear.
You die...

.....###.#..#..#..#
..................#
.....#######.###..######
...........#.# #.......#
......####.#.# #..####.#
......# #>#.# #..#
......####.#.# #..## #
...#)........# #h..###.####
..##..####.#####@55........
.###..# #.# #...5..)..###
.# #..# #.# #.###.#####
####..####.###.###.#
.................#.#
####..####.###.#.#.#
...........###.#.#.#
.#########.....#.#.# .#
#....#....#


You could see Natasha and 3 cerulean imps.

Vanquished Creatures
  Jessica (D:2)
  2 adders (D:2)
  A worm (D:2)
  A dart slug (D:1)
  3 endoplasms
  2 giant cockroaches
  5 goblins
  5 hobgoblins
  4 kobolds
  2 quokkas (D:1)
  5 ball pythons
  4 bats
  3 frilled lizards
  4 rats (D:1)
42 creatures vanquished.

Notes
Turn   | Place    | Note
-------+----------+-------------------------------------------
     0 | D:1      | qw the Minotaur Hexslinger began the quest for the Orb.
     0 | D:1      | Reached XP level 1. HP: 16/16 MP: 1/1
     0 | D:1      | 0 ||| qw: Version: 0.3-a-52-g30416fa
     0 | D:1      | 0 ||| qw: Game counter: 5717
     0 | D:1      | 0 ||| qw: Melee chars always use a shield: true
     0 | D:1      | 0 ||| qw: God list: Okawaru
     0 | D:1      | 0 ||| qw: Allow faded altars: false
     0 | D:1      | 0 ||| qw: Do Orc after clearing Dungeon:15 true
     0 | D:1      | 0 ||| qw: Do second Lair branch before Depths: true
     0 | D:1      | 0 ||| qw: Lair rune preference: random
     0 | D:1      | 0 ||| qw: Goals: Normal
     0 | D:1      | 0 ||| PLANNING D:1-11
    43 | D:1      | Found a faded altar of an unknown god.
    91 | D:1      | Reached skill level 3 in Ranged Weapons
    92 | D:1      | Reached XP level 2. HP: 17/23 MP: 2/2
    96 | D:1      | 96 ||| FLEEEEING.
    97 | D:1      | 97 ||| FLEEEEING.
    98 | D:1      | 98 ||| FLEEEEING.
    99 | D:1      | 99 ||| FLEEEEING.
   100 | D:1      | 100 ||| FLEEEEING.
   101 | D:1      | 101 ||| FLEEEEING.
   102 | D:1      | 102 ||| FLEEEEING.
   103 | D:1      | 103 ||| FLEEEEING.
   104 | D:1      | 104 ||| FLEEEEING.
   105 | D:1      | 105 ||| FLEEEEING.
   107 | D:1      | 107 ||| FLEEEEING.
   108 | D:1      | 108 ||| FLEEEEING.
   109 | D:1      | 109 ||| FLEEEEING.
   110 | D:1      | 110 ||| FLEEEEING.
   550 | D:1      | Reached XP level 3. HP: 27/29 MP: 3/3
   688 | D:1      | 688 ||| READING scroll labelled RUDIYN BAJA.
   689 | D:1      | 689 ||| READING scroll labelled YSKENA REIDI.
   693 | D:1      | 693 ||| READING 2 scrolls labelled SIUDUN FUDEH.
   745 | D:1      | 745 ||| DROPPING scroll of poison.
   746 | D:1      | 746 ||| DROPPING scroll of torment.
   890 | D:2      | Reached skill level 4 in Ranged Weapons
  1043 | D:2      | 1043 ||| FLEEEEING.
  1046 | D:2      | 1046 ||| STAIRDANCE
  1054 | D:1      | 1054 ||| UPGRADING to +0 pair of boots.
  1059 | D:1      | 1059 ||| DRINKING 2 lumpy pink potions.
  1059 | D:1      | Gained mutation: Your spells are a little easier to cast,
                  | but a little less powerful. [potion of mutation]
  1059 | D:1      | Gained mutation: Your muscles are strong. (Str +4, Int/Dex
                  | -1) [potion of mutation]
  1059 | D:1      | Gained mutation: You have a pair of large horns on your
                  | head. [potion of mutation]
  1220 | D:2      | Found a glowing golden altar of the Shining One.
  1323 | D:2      | Noticed Jessica
  1325 | D:2      | Killed Jessica
  1326 | D:2      | Reached XP level 4. HP: 36/36 MP: 4/4
  1428 | D:2      | Noticed Natasha
  1429 | D:2      | 1429 ||| FLEEEEING.
  1430 | D:2      | 1430 ||| FLEEEEING.
  1431 | D:2      | 1431 ||| FLEEEEING.
  1436 | D:2      | 1436 ||| FLEEEEING.
  1437 | D:2      | 1437 ||| FLEEEEING.
  1438 | D:2      | 1438 ||| FLEEEEING.
  1439 | D:2      | 1439 ||| FLEEEEING.
  1452 | D:2      | HP: 9/36 [cerulean imp/+1 spear[Natasha] (3)]
  1454 | D:2      | HP: 4/36 [Natasha (4)]
  1455 | D:2      | Slain by a cerulean imp

Levels and vault maps discovered:
D:1:      evilmike_arrival_crescent, layout_loops_cross,
          shapermc_ecumenical_altar_totnotflames, serial_bayou_pond_d
D:2:      layout_loops_ring, basic_altar, uniq_natasha, uniq_jessica

Skill      XL: |  1  2  3 |
---------------+----------+-----
Ranged Weapons | 3 4 |  4.9
Fighting       | 2 |  2.0
Dodging        | |  2.1
Spellcasting   | |  1.0
Hexes          | |  2.0

Action                     |  1- 3 |  4- 6 || total
---------------------------+-------+-------++-------
   Fire: Sling             |   110 |    16 ||   126
    Use: Scroll            |     3 |       ||     3
         Potion            |     1 |       ||     1
 Armour: Robe              |     9 |       ||     9
  Dodge: Dodged            |    24 |    14 ||    38

Table legend:
 A = Non-vault XP
 B = Vault XP
 C = Vault XP percentage of total XP
 D = Non-vault monster count
 E = Vault monster count
 F = Vault count percentage of total count
                 A         B        C        D         E       F
            +---------+---------+-------+---------+---------+-------
      Total |      95 |      37 |  28.0 |      41 |       1 |   2.4
            +---------+---------+-------+---------+---------+-------
        D:1 |      43 |       0 |   0.0 |      27 |       0 |   0.0
        D:2 |      52 |      37 |  41.6 |      14 |       1 |   6.7
            +---------+---------+-------+---------+---------+-------
